 Dungeon Crawl Stone Soup version 0.30-a0-870-gc5d4c5acee (webtiles) character file.

Game seed: 7633442418423988576

43 cforsyth the Covered (level 3, -5/30 HPs)
             Began as a Barachi Fighter on Mar 12, 2023.
             Slain by Sigmund
             ... wielding a +6 scythe of venom
              (6 damage)
             ... on level 2 of the Dungeon.
             The game lasted 00:01:07 (874 turns).

cforsyth the Covered (Barachi Fighter)               Turns: 874, Time: 00:01:07

Health: -5/30      AC:  7    Str: 19    XL:     3   Next: 58%
Magic:  3/3        EV:  9    Int:  8    God:
Gold:   130        SH:  0    Dex: 11    Spells: 2/2 levels left

rFire   . . .      SeeInvis .    a - +0 war axe
rCold   . . .      Faith    .    c - +0 buckler
rNeg    . . .      Spirit   .    b - +0 scale mail
rPois   .          Reflect  .    (no helmet)
rElec   .          Rampage  .    (no cloak)
rCorr   .                        (no gloves)
Will    .....                    (no boots) Stlth
                                 (no amulet)
HPRegen 0.25/turn                (no ring)
MPRegen 0.08/turn                (no ring)

@: confused, brilliant, lethally poisoned (-5 -> -12), slow
A: amphibious, slowness 1, strong legs 1, +LOS
a: Hop


You were on level 2 of the Dungeon.
You visited 1 branch of the dungeon, and saw 2 of its levels.

You collected 130 gold pieces.

Inventory:

Hand Weapons
 a - a +0 war axe (weapon)
Armour
 b - a +0 scale mail (worn)
 c - a +0 buckler (worn)
Scrolls
 e - a scroll of magic mapping {unknown}
 f - 2 scrolls of teleportation {unknown}
 g - 5 scrolls of identify {unknown}
 h - 2 scrolls of amnesia {unknown}
 j - 2 scrolls of vulnerability {unknown}
 l - a scroll of fog {unknown}
 m - 2 scrolls of enchant weapon {unknown}
 n - a scroll of fear {unknown}
 o - a scroll of enchant armour {unknown}
Potions
 d - a potion of might
 i - a potion of degeneration {unknown}
 k - 4 potions of brilliance
 p - a potion of haste {unknown}


   Skills:
 + Level 4.1 Fighting
 + Level 2.8 Axes
 + Level 4.1 Armour
 + Level 3.7 Shields


You had 2 spell levels left.
You didn't know any spells.
Your spell library was empty.

Dungeon Overview and Level Annotations

Branches:
Dungeon (2/15)

Altars:

Annotations:
D:2 1 runed translucent door, Crazy Yiuf, Sigmund


Innate Abilities, Weirdness & Mutations

You are amphibious.
You cover ground slowly.
You can hop short distances.
You have an extended range of vision and can be seen from far away.


Message History

No target in view!
p - a viscous pink potion
k - 4 sapphire potions (gained 1)
Found a trident.
m - 2 scrolls labelled EHEPLU RORCH (gained 1)
You see here a +0 mace.
k - 5 sapphire potions (gained 1) Sigmund the Dreaded comes into view.
He is wielding a +6 scythe of venom.
Sigmund shouts!
Sigmund is nearby!
Sigmund casts a spell at you.
You are confused.
You are too confused!
You are too confused!
You are too confused!
You are too confused!
You are too confused!
You are too confused!
You are too confused!
You are too confused!
You are too confused!
You bump into the rock wall.
Sigmund casts a spell at you. The magic dart hits you.
You hit Sigmund.
Sigmund is lightly wounded.
Sigmund hits you with a +6 scythe of venom!
You closely miss Sigmund.
Sigmund is lightly wounded.
Sigmund mumbles some strange words.
Sigmund flickers and vanishes!
Deactivating autopickup; reactivate with Ctrl-A.
You barely miss something. Something hits you!
* * * LOW HITPOINT WARNING * * *
You are lethally poisoned!
It was a potion of brilliance.
You feel clever all of a sudden.
* * * LOW HITPOINT WARNING * * *
You feel sick. Something hits you.
You die...

### # .) ##.##. #.##
####..... ..#
###..!.#..# #.#
###...@{...# #
#.####.....###### #.
######...............#
.########
......)......#######..
..........
#######..#.###
#.#....... #...#.####
#.#....... #.#.†....#
#.#....... #.###.##.#
#.#....... #..
...##.### #.#.†.....


There were no monsters in sight!

Vanquished Creatures
  2 dart slugs
  2 bats (D:1)
  5 endoplasms
  2 giant cockroaches
  A goblin (D:1)
  7 hobgoblins
  3 quokkas (D:1)
  3 ball pythons
  6 frilled lizards
  2 kobolds (D:1)
  3 rats
36 creatures vanquished.

Notes
Turn   | Place    | Note
-------+----------+-------------------------------------------
     0 | D:1      | cforsyth the Barachi Fighter began the quest for the Orb.
     0 | D:1      | Reached XP level 1. HP: 18/18 MP: 1/1
    95 | D:1      | Reached XP level 2. HP: 18/25 MP: 2/2
   203 | D:1      | Found a faded altar of an unknown god.
   423 | D:1      | Reached XP level 3. HP: 30/30 MP: 3/3
   770 | D:2      | Found a runed translucent door.
   771 | D:2      | Noticed Crazy Yiuf
   866 | D:2      | Noticed Sigmund
   874 | D:2      | HP: 1/30 [poisoned by Sigmund]
   874 | D:2      | Slain by Sigmund

Illustrated notes

Levels and vault maps discovered:
D:1:      erik_arrival_orb_chamber, layout_rooms,
          hellmonk_ecumenical_altar_slurped_away, st_stairs_6,
          serial_bayou_pond_d
D:2:      layout_rooms, minmay_tetromino_t2, uniq_sigmund,
          uniq_crazy_yiuf_cottage

Skill      XL: |  1  2 |
---------------+-------+-----
Fighting       | 4 |  4.1
Armour         | 4 |  4.1
Axes           | |  2.8
Shields        | |  3.7

Action                     || total
---------------------------++-------
  Melee: War axe           ||    98
    Use: Potion            ||     1
 Armour: Scale mail        ||    56
  Dodge: Dodged            ||    38
  Block: Buckler           ||    22

Table legend: (Time is in decaauts)
 A = Elapsed time spent in this place.
 B = Non-inter-level travel time spent in this place.
 C = Inter-level travel time spent in this place.
 D = Time resting spent in this place.
 E = Time spent auto-exploring this place.
 F = Levels seen in this place.
 G = Mean time per level.
                   A        B        C        D        E       F      G
               +--------+--------+--------+--------+--------+-----+--------+
         Total |   1031 |   1026 |      5 |      0 |    756 |   2 |  515.5 |
       Dungeon |   1031 |   1026 |      5 |      0 |    756 |   2 |  515.5 |
               +--------+--------+--------+--------+--------+-----+--------+

Top non-repeatable levels by time:
     D:1: 661 daAuts
     D:2: 369 daAuts
